 Dungeon Crawl Stone Soup version 0.29-a0-515-g7c1fb6cc08 (webtiles) character file.

Game seed: 72280123084462088

4 Bruhh the Caller (level 1, -2/16 HPs)
             Began as an Ogre Summoner on May 30, 2022.
             Slain by a kobold
             ... wielding a +2 short sword of holy wrath
              (6 damage)
             ... on level 1 of the Dungeon.
             The game lasted 00:00:36 (343 turns).

Bruhh the Caller (Ogre Summoner)                     Turns: 343, Time: 00:00:36

Health: -2/16      AC:  3    Str: 11    XL:     1   Next: 60%
Magic:  3/4        EV:  9    Int: 16    God:
Gold:   0          SH:  0    Dex:  9    Spells: 4/5 levels left

rFire   . . .      SeeInvis .   e - +0 long sword
rCold   . . .      Faith    .   (no shield)
rNeg    . . .      Spirit   .   a - +0 robe
rPois   .          Reflect  .   (helmet restricted)
rElec   .          Harm     .   (no cloak)
rCorr   .          Rampage  .   (gloves unavailable)
Will    .....                   (boots unavailable)
Stlth   +.........              (no amulet)
HPRegen 0.05/turn               (no ring)
MPRegen 0.09/turn               (no ring)

@: no status effects
A: large, unfitting armour, tough skin 1
a: no special abilities


You were on level 1 of the Dungeon.
You visited 1 branch of the dungeon, and saw 1 of its levels.

Inventory:

Hand Weapons
 e - a +0 long sword (weapon)
Armour
 a - a +0 robe (worn)
Scrolls
 c - a scroll of magic mapping {unknown}
 d - a scroll of teleportation {unknown}
Potions
 b - a potion of magic


   Skills:
 - Level 1.7 Dodging
 - Level 1.4 Stealth
 + Level 2.6 Spellcasting
 + Level 3.7 Summonings


You had 4 spell levels left.
You knew the following spells:

 Your Spells              Type           Power      Damage    Failure   Level
a - Summon Small Mammal   Summ           56%        N/A       4%          1

Your spell library contained the following spells:

 Spells                   Type           Power      Damage    Failure   Level
 Call Imp                 Summ           14%        N/A       6%          2
 Call Canine Familiar     Summ           14%        N/A       13%         3
 Summon Guardian Golem    Hex/Summ       8%         N/A       26%         3
 Summon Lightning Spire   Summ/Air       8%         N/A       65%         4


Dungeon Overview and Level Annotations

Branches:
Dungeon (1/15)

Altars:


Innate Abilities, Weirdness & Mutations

You are too large for most types of armour.
You have tough skin. (AC +1)


Message History

You see here a +0 long sword.
e - a +0 long sword (weapon)
Your bat disappears in a puff of smoke!
Your quokka disappears in a puff of smoke!
Magic restored.
Key pressed, stopping explore.
HP restored.
There is an open door here.
A giant cockroach comes into view.
A giant cockroach is nearby!
A giant cockroach is nearby!
A giant cockroach is nearby!
A hobgoblin comes into view.
The hobgoblin shouts!
The giant cockroach completely misses you.
A kobold comes into view.
It is wielding a +2 short sword of holy wrath.
You hit the giant cockroach.
The giant cockroach is heavily wounded.
The giant cockroach bites you. The giant cockroach closely misses you.
You hit the giant cockroach but do no damage.
The giant cockroach is heavily wounded.
A frilled lizard comes into view.
The giant cockroach completely misses you.
The frilled lizard moves out of view.
You hit the giant cockroach.
You kill the giant cockroach!
Found a buckler.
The hobgoblin hits you.
You hit the hobgoblin.
The hobgoblin is almost dead.
The kobold throws a stone.
The stone hits you. The hobgoblin hits you.
The hobgoblin hits you but does no damage.
The hobgoblin barely misses you.
The kobold hits you with a +2 short sword of holy wrath.
* * * LOW HITPOINT WARNING * * *
You are too injured to fight recklessly!
Unknown command.
You are too injured to fight recklessly!
The kobold attacks as you move away!
The kobold hits you with a +2 short sword of holy wrath.
You die...

+.......<.....
#.######...........
#.....#####.....###
##.....## ###...##
####.......###.#...#
.............(.#...#
...l...#.#...##.##
##gKr...##.. #.#
#..@..# #.##'#
#...#.## ##...#
#...##.## ##.####
.......#.###..#
............#.#รท##
#........###.#...####
#.##...## #........#
#[ #... #$.......#
##. ..............


You could see a hobgoblin, a kobold (ally target), a frilled lizard and a
friendly rat (summoned).

Vanquished Creatures
  A giant cockroach (D:1)
1 creature vanquished.

Vanquished Creatures (collateral kills)
  An endoplasm (D:1)
  A quokka (D:1)
2 creatures vanquished.

Grand Total: 3 creatures vanquished

Notes
Turn   | Place    | Note
-------+----------+-------------------------------------------
     0 | D:1      | Bruhh the Ogre Summoner began the quest for the Orb.
     0 | D:1      | Reached XP level 1. HP: 16/16 MP: 3/3
   343 | D:1      | Slain by a kobold

Illustrated notes

Levels and vault maps discovered:
D:1:      evilmike_arrival_plus, layout_loops_ring,
          hellmonk_ecumenical_altar_slurped_away

Action                   || total
-------------------------++-------
Melee: Unarmed           ||     8
       Long sword        ||     4
 Cast: Summon Small Mamm ||     4
 Stab: Sleeping          ||     1
Armor: Robe              ||     4
Dodge: Dodged            ||     9

Table legend: (Time is in decaauts)
 A = Elapsed time spent in this place.
 B = Non-inter-level travel time spent in this place.
 C = Inter-level travel time spent in this place.
 D = Time resting spent in this place.
 E = Time spent auto-exploring this place.
 F = Levels seen in this place.
 G = Mean time per level.
                   A        B        C        D        E       F      G
               +--------+--------+--------+--------+--------+-----+--------+
         Total |    344 |    344 |      0 |      0 |    298 |   1 |  344.0 |
       Dungeon |    344 |    344 |      0 |      0 |    298 |   1 |  344.0 |
               +--------+--------+--------+--------+--------+-----+--------+

Top non-repeatable levels by time:
     D:1: 344 daAuts
